 Dungeon Sprint DCSS version 0.22-a0-142-g91cc6d7 (webtiles) character file.

15292 esc the Unseen (level 12, 0/82 HPs)
             Began as a Kobold Enchanter on Feb 5, 2018.
             Was the Champion of Dithmenos.
             Engulfed by Lom Lobon's freezing vapour (5 damage)
             ... in the Dungeon (Sprint I: "Red Sonja").
             The game lasted 00:24:18 (3231 turns).

esc the Unseen (Kobold Enchanter)                   Turns: 3231, Time: 00:24:19

Health: 0/82       AC: 13    Str:  9      XL:     12   Next: 55%
Magic:  18/25      EV: 28    Int: 18      God:    Dithmenos [******]
Gold:   640        SH:  7    Dex: 19 (20) Spells: 26/35 levels left

rFire    + . .     SeeInvis +   a - +1 dagger
rCold    + . .     Gourm    .   u - +0 buckler
rNeg     . . .     Faith    .   i - +1 robe {rF+}
rPois    .         Spirit   .   f - +3 crown of Dyrovepreva {rElec Int+2 SInv}
rElec    +         Reflect  .   (no cloak)
rCorr    .         Harm     .   s - +0 pair of fencer's gloves {+Riposte Dex+3}
MR       .....     NoTele   +   t - +1 pair of boots
Stlth    ++++++++++             (no amulet)
HPRegen  0.23/turn              w - +4 ring of protection
MPRegen  0.19/turn              (no ring)

@: frozen, very slightly contaminated, wreathed by umbra, very slow
A: small, carnivore, cold resistance 1, deterioration 2, low mp 1, evolution 1
a: Shadow Step, Shadow Form, Renounce Religion


You were in the Dungeon.
You worshipped Dithmenos.
Dithmenos was exalted by your worship.
You were completely stuffed.

You visited 1 branch You collected 2066 gold pieces.
You spent 1426 gold pieces at shops.

Inventory:

Hand Weapons
 a - a +1 dagger (weapon)
 m - a +4 blowgun
   (You took it off Sonja in the Dungeon)
 n - a +0 dagger of distortion {!w}
   (You took it off Sonja in the Dungeon)
Missiles
 l - 10 curare-tipped needles
Armour
 f - the +3 crown of Dyrovepreva (worn) {rElec Int+2 SInv}
   (You found it in the Dungeon)

   It affects your intelligence (+2).
   It insulates you from electricity.
   It lets you see invisible.
 i - a +1 robe of fire resistance (worn)
   (You took it off Sigmund in the Dungeon)
 k - a +2 ring mail of cold resistance
   (You took it off Ijyb in the Dungeon)
 s - the +0 pair of fencer's gloves (worn) {+Riposte Dex+3}
   (You bought it in a shop in the Dungeon)

   It affects your dexterity (+3).
 t - a +1 pair of boots (worn)
   (You bought it in a shop in the Dungeon)
 u - a +0 buckler (worn)
   (You bought it in a shop in the Dungeon)
Jewellery
 w - a +4 ring of protection (left hand)
   (You bought it in a shop in the Dungeon)
Scrolls
 o - a scroll of fear {unknown}
 p - a scroll of random uselessness {unknown}
 r - a scroll of torment {unknown}
 v - a scroll of remove curse {unknown}
Potions
 b - a potion of degeneration {unknown}
 e - 4 potions of curing
 g - 2 potions of haste
 h - 2 potions of magic
 q - 3 potions of heal wounds
Books
 c - a book of Maledictions
Comestibles
 d - a ration
 x - a chunk of flesh {@w0}


   Skills:
 + Level 12.9 Fighting
 + Level 14.9 Short Blades
 + Level 14.2 Dodging
 + Level 16.4 Stealth
 - Level 5.6 Shields
 - Level 12.3 Spellcasting
 - Level 12.4 Hexes
 - Level 8.0 Invocations


You had 26 spell levels left.
You knew the following spells:

 Your Spells              Type           Power        Failure   Level  Hunger
a - Ensorcelled Hibernat  Hex/Ice        ####..       1%          2    None
b - Dazzling Spray        Conj/Hex       ####..       1%          3    None
c - Confuse               Hex            ######..     1%          3    None
v - Corona                Hex            ######.      1%          1    None


Dungeon Overview and Level Annotations

Branches:
Dungeon (1/1)

Altars:
Cheibriados
Dithmenos
Elyvilon
Fedhas
Gozag
Hepliaklqana
Kikubaaqudgha
Makhleb
Nemelex Xobeh
Okawaru
Qazlal
Ru
Sif Muna
Trog
Uskayaw
Vehumet
Wu Jian
Xom
Yredelemnul
Zin
The Shining One
Jiyva
Lugonu

Shops:
D [?[(:!:==(!*?*=!%**[!

Annotations:
D exclusion: oklob plant, Lom Lobon


Innate Abilities, Weirdness & Mutations

You are small and have problems with some larger weapons.
You are carnivorous and can eat meat at any time.
Your flesh is cold resistant. (rC+)
Your body often deteriorates upon taking damage.
Your magical capacity is low. (-10% MP)
You evolve.


Message History

Your shadow hits the deep elf annihilator but does no damage.
You barely miss the deep elf annihilator.
You catch the helpless deep elf annihilator completely off-guard!
You spit the deep elf annihilator like a pig!!!
You kill the deep elf annihilator!
Dithmenos accepts your kill.
Your Dodging skill increases to level 14!
You start resting.
MP restored: 25 You see here a scimitar of protection.
Why would you want to do that?
A hornet and a mummy priest come into view.
Aim: a mummy priest (hasn't noticed you, umbra, chance to defeat MR: 4%)
Okay, then.
Aim: a hornet (resting, umbra)
You step into the hornet's shadow.
An oklob plant comes into view.
You now have 21/25 mp.
The helpless hornet fails to defend itself.
You stick the hornet like a pincushion!!!!!
You kill the hornet!
Dithmenos accepts your kill.
You cannot target yourself.
Okay, then.
You found an arrow trap!
There is an open door here.
An arrow shoots out and misses you.
Lom Lobon, Demon Lord of Forbidden Knowledge comes into view.
You found an arrow trap!
There is an arrow trap here.
Aim: Lom Lobon (foul pestilence, resting, umbra) Really shadow step into a travel-excluded area?
Really shadow step into that cloud of foul pestilence?
You step into Lom Lobon's shadow.
You are engulfed in dark miasma.
You are poisoned.
You feel your flesh rotting away!
You emit a cloud of dark smoke.
You feel very sick.
You take 9 damage, and have 70/78 hp.
You now have 18/25 mp.
The helpless Lom Lobon fails to defend itself.
You perforate Lom Lobon like a sieve!!!!!
Your shadow barely misses Lom Lobon.
You are engulfed in dark miasma.
You are more poisoned.
You feel sick.
Lom Lobon gestures. 3 ball lightnings come into view.
You take 6 damage, and have 64/78 hp.
Okay, then.
Unknown command.
You can't see any susceptible monsters within range! (Use Z to cast anyway.) Really read
j - a scroll of blinking {!r}?
Blink to where?
You are very lightly contaminated with residual magic.
As you read the scroll of blinking {!r}, it crumbles to dust.
You feel very sick.
You take 4 damage, and have 60/78 hp.
You feel very sick.
Lom Lobon blinks!
You take 3 damage, and have 57/78 hp.
You can't see that place. [the floor.]
You avoid triggering an arrow trap.
You feel very sick.
The ball lightning explodes!
The blast of lightning engulfs the ball lightning.
The ball lightning completely resists.
The blast of lightning engulfs you! You resist. Lom Lobon gestures at you.
Lom Lobon conjures a mighty blast of ice!
The great icy blast engulfs the ball lightning.
The ball lightning partially resists.
The ball lightning explodes!
The blast of lightning engulfs the ball lightning.
The ball lightning completely resists.
The blast of lightning engulfs Lom Lobon.
Lom Lobon completely resists.
The great icy blast engulfs the ball lightning.
The ball lightning partially resists.
The ball lightning explodes!
The blast of lightning engulfs you! You resist.
The great icy blast engulfs you! You partially resist.
Ouch! That really hurt!
* * * LOW HITPOINT WARNING * * *
Your body deteriorates!
You feel clumsy.
You emit a cloud of dark smoke.
You are encased in ice.
There is an arrow trap here.
You take 55 damage, and have 2/78 hp.
MASSIVE DAMAGE!!
Unknown command.
Unknown command.
Unknown command.
An arrow trap.
This square is wreathed by an umbra.
There is a cloud of freezing vapour here.
You feel better.
You are engulfed in freezing vapours.
You resist.
You die...

# #..≈.## # #..≈##
# ###..≈# # P≈..##
# M≈..# # ###..# #
#§§.†# # #§##'# #
#@#≈≈≈# #
####§#≈≈≈≈# #
###§§..#≈≈≈≈≈#
#####..*.####≈≈≈≈#
##....§§§§# #'≈≈≈'
#.....§§&§#
$##≈≈#≈
....§§§§§*# $
##### ####.§§§..#
#§§§§§.#


You could see Lom Lobon.

Vanquished Creatures
  A deep elf annihilator (D)
  A hydra (D)
  2 centaur warriors (D)
  Sonja (D)
  A deep troll (D)
  A lindwurm (D)
  2 unseen horrors (D)
  An oklob plant (D)
  8 shining eyes (D)
  A merfolk siren (D)
  A gargoyle (D)
  2 kobold demonologists (D)
  4 demonic crawlers (D)
  A hellwing (D)
  2 hornets (D)
  A slime creature (D)
  2 redbacks (D)
  Sigmund (D)
  13 hogs (D)
  A yak (D)
  7 floating eyes (D)
  7 necrophages (D)
  An ogre (D)
  8 jellies (D)
  Ijyb (D)
  2 ballistomycetes (D)
  A ballistomycete spore (D)
74 creatures vanquished.

Vanquished Creatures (others)
  A merfolk siren (D)
  3 hornets (D)
  3 ball lightnings (D)
  A ballistomycete spore (D)
8 creatures vanquished.

Grand Total: 82 creatures vanquished

Notes
Turn   | Place    | Note
-------+----------+-------------------------------------------
     0 | D        | esc the Kobold Enchanter began the quest for the Orb.
     0 | D        | Reached XP level 1. HP: 10/10 MP: 3/3
     2 | D        | Noticed Ijyb
    12 | D        | Killed Ijyb
    12 | D        | Reached skill level 4 in Spellcasting
    12 | D        | Reached skill level 5 in Hexes
    12 | D        | Reached XP level 2. HP: 15/15 MP: 3/7
    12 | D        | Reached XP level 3. HP: 19/19 MP: 3/9
    20 | D        | Learned a level 2 spell: Ensorcelled Hibernation
    24 | D        | Learned a level 3 spell: Confuse
    28 | D        | Learned a level 3 spell: Dazzling Spray
    92 | D        | Noticed an ogre
   106 | D        | Killed an ogre
   106 | D        | Reached skill level 2 in Fighting
   106 | D        | Reached skill level 3 in Short Blades
   106 | D        | Reached skill level 4 in Dodging
   106 | D        | Reached skill level 5 in Stealth
   106 | D        | Reached skill level 5 in Spellcasting
   106 | D        | Reached XP level 4. HP: 27/27 MP: 8/11
   106 | D        | Reached XP level 5. HP: 31/31 MP: 8/12
   137 | D        | Noticed Sigmund
   139 | D        | Killed Sigmund
   139 | D        | Reached skill level 4 in Fighting
   139 | D        | Reached skill level 5 in Short Blades
   139 | D        | Reached skill level 5 in Dodging
   139 | D        | Reached skill level 7 in Stealth
   139 | D        | Reached skill level 6 in Spellcasting
   139 | D        | Reached skill level 6 in Hexes
   139 | D        | Reached XP level 6. HP: 39/39 MP: 13/15
   162 | D        | Found an ornate altar of the Wu Jian Council.
   162 | D        | Found a deep blue altar of Sif Muna.
   164 | D        | Found a radiant altar of Vehumet.
   168 | D        | Reached skill level 6 in Short Blades
   197 | D        | Found Hujirph's Weapon Emporium.
   197 | D        | Found an ancient bone altar of Kikubaaqudgha.
   197 | D        | Found a hazy altar of Hepliaklqana.
   197 | D        | Found a stormy altar of Qazlal.
   197 | D        | Found a hide-covered altar of Uskayaw.
   197 | D        | Found a blossoming altar of Fedhas.
   197 | D        | Found a bloodstained altar of Trog.
   197 | D        | Found an iron altar of Okawaru.
   197 | D        | Found a basalt altar of Yredelemnul.
   197 | D        | Found a glowing golden altar of the Shining One.
   197 | D        | Found a snail-covered altar of Cheibriados.
   197 | D        | Found a sacrificial altar of Ru.
   197 | D        | Found a glowing silver altar of Zin.
   197 | D        | Found a shadowy altar of Dithmenos.
   197 | D        | Found a white marble altar of Elyvilon.
   197 | D        | Noticed a yak
   198 | D        | Found an opulent altar of Gozag.
   199 | D        | Killed a yak
   199 | D        | Reached skill level 5 in Fighting
   199 | D        | Reached skill level 7 in Short Blades
   199 | D        | Reached skill level 6 in Dodging
   199 | D        | Reached skill level 8 in Stealth
   199 | D        | Reached skill level 7 in Spellcasting
   199 | D        | Reached skill level 7 in Hexes
   199 | D        | Reached XP level 7. HP: 45/45 MP: 15/17
   200 | D        | Found a sparkling altar of Nemelex Xobeh.
   210 | D        | Became a worshipper of Dithmenos the Shadowed
   223 | D        | Found a viscous altar of Jiyva.
   223 | D        | Found a corrupted altar of Lugonu.
   223 | D        | Noticed a slime creature
   224 | D        | Found a burning altar of Makhleb.
   224 | D        | Found a shimmering altar of Xom.
   231 | D        | Killed a slime creature
   231 | D        | Reached skill level 6 in Fighting
   231 | D        | Reached skill level 7 in Dodging
   231 | D        | Reached skill level 9 in Stealth
   364 | D        | Noticed a kobold demonologist
   365 | D        | Noticed a kobold demonologist
   368 | D        | Reached skill level 8 in Short Blades
   368 | D        | Reached skill level 8 in Hexes
   368 | D        | Reached XP level 8. HP: 52/52 MP: 16/19
   370 | D        | Killed a kobold demonologist
   370 | D        | Reached * piety under Dithmenos
   370 | D        | Reached skill level 7 in Fighting
   370 | D        | Reached skill level 8 in Dodging
   370 | D        | Reached skill level 10 in Stealth
   370 | D        | Reached skill level 8 in Spellcasting
   376 | D        | Killed a kobold demonologist
   376 | D        | Reached skill level 9 in Short Blades
   376 | D        | Reached skill level 9 in Dodging
   377 | D        | Noticed a demonic crawler
   377 | D        | Noticed a demonic crawler
   377 | D        | Noticed a demonic crawler
   377 | D        | Noticed a demonic crawler
   471 | D        | Noticed Sonja
   477 | D        | Killed Sonja
   477 | D        | Reached ** piety under Dithmenos
   477 | D        | Reached skill level 8 in Fighting
   477 | D        | Reached skill level 10 in Short Blades
   477 | D        | Reached skill level 11 in Stealth
   477 | D        | Reached skill level 9 in Spellcasting
   477 | D        | Reached skill level 9 in Hexes
   477 | D        | Reached XP level 9. HP: 60/60 MP: 18/22
   712 | D        | Noticed a deep troll
   716 | D        | Killed a deep troll
   716 | D        | Reached skill level 9 in Fighting
   716 | D        | Reached skill level 10 in Dodging
   716 | D        | Reached skill level 12 in Stealth
   728 | D        | Found Oreingih's Armour Emporium.
   735 | D        | Bought the +0 pair of fencer's gloves {+Riposte Dex+3} for 440 gold pieces
   735 | D        | Found the +0 pair of fencer's gloves {+Riposte Dex+3}
   735 | D        | Bought a +1 pair of boots for 126 gold pieces
   735 | D        | Bought a +0 buckler for 49 gold pieces
   790 | D        | Found Imof's Armour Boutique.
   798 | D        | Bought a +1 helmet of intelligence for 165 gold pieces
   823 | D        | Noticed a centaur warrior
   823 | D        | Noticed a centaur warrior
   828 | D        | Killed a centaur warrior
   828 | D        | Reached skill level 11 in Short Blades
   828 | D        | Reached skill level 1 in Shields
   828 | D        | Reached skill level 10 in Hexes
   828 | D        | Reached XP level 10. HP: 60/67 MP: 16/23
   833 | D        | Killed a centaur warrior
   833 | D        | Reached skill level 10 in Fighting
   833 | D        | Reached skill level 11 in Dodging
   833 | D        | Reached skill level 13 in Stealth
   833 | D        | Reached skill level 2 in Shields
   833 | D        | Reached skill level 10 in Spellcasting
   914 | D        | Reached *** piety under Dithmenos
   925 | D        | Noticed an oklob plant
   927 | D        | Killed an oklob plant
   927 | D        | Reached skill level 3 in Shields
   927 | D        | Reached skill level 1 in Invocations
   934 | D        | Reached skill level 12 in Short Blades
   939 | D        | Reached skill level 2 in Invocations
  1028 | D        | Killed an unseen horror
  1028 | D        | Reached **** piety under Dithmenos
  1301 | D        | HP: 14/68 [something (5)]
  1303 | D        | HP: 4/68 [something (5)]
  1320 | D        | HP: 17/68 [something (1)]
  1589 | D        | Reached skill level 3 in Invocations
  1593 | D        | Found the +3 crown of Dyrovepreva {rElec Int+2 SInv}
  1616 | D        | Reached ***** piety under Dithmenos
  1702 | D        | Found Alumemiz's Assorted Antiques.
  1702 | D        | Found Eganep's General Store.
  1704 | D        | Reached skill level 4 in Shields
  1704 | D        | Reached XP level 11. HP: 73/73 MP: 15/25
  1708 | D        | Found Lyna's Distillery.
  1722 | D        | Reached skill level 12 in Dodging
  1765 | D        | Reached skill level 11 in Hexes
  1802 | D        | Found Kusipt's Jewellery Shoppe.
  1802 | D        | Found Nuacefac's Book Shop.
  1802 | D        | Found Netiw's Jewellery Boutique.
  1804 | D        | Found Letonkirph's Weapon Emporium.
  1804 | D        | Found Agips's Distillery.
  1804 | D        | Found Mahaedghu's Assorted Antiques.
  1804 | D        | Found Itim Moe's Magic Scroll Boutique.
  1804 | D        | Found Jetset's General Store.
  1804 | D        | Found Beix Neph's Jewellery Shop.
  1804 | D        | Found Afonip's Distillery.
  1808 | D        | Found Wugod's Food Boutique.
  1824 | D        | Bought a +4 ring of protection for 360 gold pieces
  1853 | D        | Noticed an unseen horror
  1856 | D        | Killed an unseen horror
  1856 | D        | Reached skill level 11 in Fighting
  1856 | D        | Reached skill level 14 in Stealth
  1856 | D        | Reached skill level 4 in Invocations
  2032 | D        | Noticed a shining eye
  2032 | D        | Noticed a shining eye
  2032 | D        | Noticed a shining eye
  2033 | D        | Noticed a shining eye
  2033 | D        | Noticed a shining eye
  2033 | D        | Noticed a shining eye
  2033 | D        | Noticed a shining eye
  2035 | D        | Noticed a shining eye
  2035 | D        | Gained mutation: Your body sometimes deteriorates upon taking damage. [a shining eye]
  2037 | D        | Reached skill level 11 in Spellcasting
  2038 | D        | Gained mutation: You do not regenerate when monsters are visible. [a shining eye]
  2038 | D        | Paralysed by a floating eye for 2 turns
  2040 | D        | Gained mutation: You are frail. (-10% HP) [a shining eye]
  2043 | D        | Killed a shining eye
  2043 | D        | Reached ****** piety under Dithmenos
  2043 | D        | Reached skill level 13 in Short Blades
  2045 | D        | Killed a shining eye
  2046 | D        | Killed a shining eye
  2046 | D        | Reached skill level 5 in Shields
  2046 | D        | Reached skill level 5 in Invocations
  2047 | D        | Gained mutation: You are weak. (Str -2) [a shining eye]
  2050 | D        | Gained mutation: Your body often deteriorates upon taking damage. [a shining eye]
  2053 | D        | Gained mutation: Your magical capacity is low. (-10% MP) [a shining eye]
  2055 | D        | Gained mutation: Potions are less effective at restoring your health. [a shining eye]
  2057 | D        | Gained mutation: Your magical capacity is very low. (-20% MP) [a shining eye]
  2059 | D        | Gained mutation: You are clumsy. (Dex -2) [a shining eye]
  2061 | D        | Killed a shining eye
  2067 | D        | Gained mutation: You tend to lose your temper in combat. [a shining eye]
  2070 | D        | Lost mutation: You are weak. (Str -2) [a shining eye]
  2074 | D        | Killed a shining eye
  2076 | D        | Gained mutation: Your magical capacity is extremely low. (-30% MP) [a shining eye]
  2078 | D        | Gained mutation: You are very frail. (-20% HP) [a shining eye]
  2079 | D        | Killed a shining eye
  2083 | D        | Killed a shining eye
  2083 | D        | Reached skill level 6 in Invocations
  2092 | D        | Killed a shining eye
  2092 | D        | Reached skill level 15 in Stealth
  2184 | D        | Found Motwomea's Magic Scroll Shoppe.
  2184 | D        | Found Nuloz's Book Shop.
  2184 | D        | Found Ynym's Armour Emporium.
  2184 | D        | Found Jowutos's Distillery.
  2248 | D        | Bought a potion of mutation for 80 gold pieces
  2248 | D        | Lost mutation: You are very frail. (-20% HP) [potion of mutation]
  2248 | D        | Lost mutation: You are frail. (-10% HP) [potion of mutation]
  2248 | D        | Lost mutation: You do not regenerate when monsters are visible. [potion of mutation]
  2248 | D        | Lost mutation: Potions are less effective at restoring your health. [potion of mutation]
  2248 | D        | Gained mutation: Your flesh is cold resistant. (rC+) [potion of mutation]
  2248 | D        | Gained mutation: You can translocate small distances at will. [potion of mutation]
  2297 | D        | Reached skill level 13 in Dodging
  2467 | D        | Noticed a lindwurm
  2469 | D        | Killed a lindwurm
  2469 | D        | Reached skill level 12 in Fighting
  2469 | D        | Reached XP level 12. HP: 78/78 MP: 19/19
  2523 | D        | Bought a potion of mutation for 96 gold pieces
  2523 | D        | Lost mutation: You can translocate small distances at will. [potion of mutation]
  2523 | D        | Lost mutation: Your magical capacity is extremely low. (-30% MP) [potion of mutation]
  2523 | D        | Lost mutation: Your magical capacity is very low. (-20% MP) [potion of mutation]
  2523 | D        | Lost mutation: You tend to lose your temper in combat. [potion of mutation]
  2523 | D        | Lost mutation: You are clumsy. (Dex -2) [potion of mutation]
  2523 | D        | Gained mutation: You evolve. [potion of mutation]
  2526 | D        | Bought a potion of heal wounds for 50 gold pieces
  2533 | D        | Bought a potion of heal wounds for 60 gold pieces
  2589 | D        | Reached skill level 12 in Hexes
  2589 | D        | Reached skill level 7 in Invocations
  2594 | D        | Reached skill level 14 in Short Blades
  2606 | D        | Reached skill level 12 in Spellcasting
  2935 | D        | Noticed a 12-headed hydra
  2937 | D        | Killed a 12-headed hydra
  3017 | D        | Reached skill level 16 in Stealth
  3017 | D        | Reached skill level 8 in Invocations
  3069 | D        | Noticed a deep elf annihilator
  3151 | D        | Killed a deep elf annihilator
  3151 | D        | Reached skill level 14 in Dodging
  3219 | D        | Noticed a mummy priest
  3225 | D        | Noticed Lom Lobon
  3230 | D        | HP: 2/78 [Lom Lobon/great icy blast (45)]
  3231 | D        | Engulfed by Lom Lobon's freezing vapour

Vault maps used:
D:        dungeon_sprint_1

Skill      XL: |  1  2  3  4  5  6  7  8  9 10 11 12 |
---------------+-------------------------------------+-----
Spellcasting   | 4 5 6 7 9 10 11 12 | 12.3
Hexes          | 5 6 7 8 9 10 11 12 | 12.4
Fighting       | 2 4 5 6 8 9 10 12 | 12.9
Short Blades   | 3 5 7 8 10 11 12 13 14 | 14.9
Dodging        | 4 5 6 7 9 10 11 13 14 | 14.2
Stealth        | 5 7 8 9 11 12 13 15 16 | 16.4
Shields        | 1 4 5 |  5.6
Invocations    | 3 6 8 |  8.0

Action                   |  1- 3 |  4- 6 |  7- 9 | 10-12 || total
-------------------------+-------+-------+-------+-------++-------
Melee: Dagger            |    11 |     3 |    36 |   262 ||   312
 Cast: Ensorcelled Hiber |     1 |       |    14 |    45 ||    60
       Dazzling Spray    |       |       |       |    32 ||    32
       Confuse           |       |       |       |    18 ||    18
Invok: Shadow Step       |       |       |       |     6 ||     6
  Use: Potion            |     1 |       |       |     4 ||     5
       Scroll            |       |       |       |     1 ||     1
 Stab: Sleeping          |     2 |     3 |     8 |    37 ||    50
       Confused          |       |       |       |     5 ||     5
       Distracted        |       |       |       |     1 ||     1
       Invisible         |       |       |       |    11 ||    11
  Eat: Chunk             |     3 |       |     4 |     9 ||    16
Armor: Robe              |     1 |       |     2 |    43 ||    46
Dodge: Dodged            |     3 |       |    12 |   272 ||   287
       Rpst.: Dagger     |       |       |     4 |    42 ||    46

Table legend:
 A = Spawn XP
 B = Non-spawn XP
 C = Spawn XP percentage of total XP
 D = Spawn monster count
 E = Non-spawn monster count
 F = Spawn count percentage of total count
 G = Total turns spent on level
                    A         B        C        D         E        F      G
               +---------+---------+-------+---------+---------+-------+---------
         Total |       0 |   21846 |   0.0 |       0 |      71 |   0.0 |  3231
               +---------+---------+-------+---------+---------+-------+---------
             D |       0 |   21846 |   0.0 |       0 |      71 |   0.0 |  3231
               +---------+---------+-------+---------+---------+-------+---------

Vault maps used:
D:        dungeon_sprint_1

Table legend:
 A = Turns spent in this place as a percentage of turns spent in the entire game.
 B = Non-inter-level travel turns spent in this place as a percentage of non-inter-level travel turns spent in the entire game.
 C = Inter-level travel turns spent in this place as a percentage of turns spent in this place.
 D = Turns resting spent in this place as a percentage of non-inter-level travel turns spent in this place.
 E = Turns spent auto-exploring this place as a percentage of non-inter-level travel turns spent in this place.
 F = Non-inter-level travel turns spent in this place divided by the number of levels of this place that you've seen.
                   A       B       C       D       E      F
               +-------+-------+-------+-------+-------+----------------------
         Total | 100.0 | 100.0 |   7.7 |  53.6 |   0.0 | 2983.0
       Dungeon | 100.0 | 100.0 |   7.7 |  53.6 |   0.0 | 2983.0
               +-------+-------+-------+-------+-------+----------------------

Table legend:
 A = Kills in this place as a percentage of kills in entire the game.
 B = Kills by you in this place as a percentage of kills by you in the entire game.
 C = Kills by friends in this place as a percentage of kills by friends in the entire game.
 D = Other kills in this place as a percentage of other kills in the entire game.
 E = Experience gained in this place as a percentage of experience gained in the entire game.
 F = Experience gained in this place divided by the number of levels of this place that you have seen.
                   A       B       C       D       E      F
               +-------+-------+-------+-------+-------+----------------------
         Total | 100.0 | 100.0 |   N/A |   N/A | 100.0 | 21846.0
       Dungeon | 100.0 | 100.0 |   N/A |   N/A | 100.0 | 21846.0
               +-------+-------+-------+-------+-------+----------------------
